 Dungeon Crawl Stone Soup version 0.26.1-11-gd32895ea62 (webtiles) character file.

Game seed: 3200984271733294270

161 Descartes the Insei (level 5, -3/28 HPs)
             Began as a Vine Stalker Monk on Apr 17, 2021.
             Was a Priest of Vehumet.
             Slain by an iguana (13 damage)
             ... on level 4 of the Dungeon.
             The game lasted 00:05:37 (3505 turns).

Descartes the Insei (Vine Stalker Monk)             Turns: 3505, Time: 00:05:37

Health: -3/28      AC: -1    Str: 14    XL:     5   Next: 42%
Magic:  0/7        EV: 13    Int: 10    God:    Vehumet [***...]
Gold:   97         SH:  0    Dex: 17    Spells: 3/6 levels left

rFire    . . .     SeeInvis .     - Unarmed
rCold    . . .     Faith    .   (no shield)
rNeg     . . .     Spirit   +   a - +0 robe
rPois    .         Reflect  .   (no helmet)
rElec    .         Harm     .   r - +0 cloak
rCorr    +         Rampage  .   (no gloves)
Will     .....                  (no boots)
Stlth    +++.......             (no amulet)
HPRegen  0.49/turn              c - ring of resist corrosion
MPRegen  0.10/turn              d - -4 ring of protection

@: no status effects
A: fangs 2, regeneration 1, magic shield, antimagic bite, no potion heal 3
a: Renounce Religion


You were on level 4 of the Dungeon.
You worshipped Vehumet.
Vehumet was most pleased with you.
You visited 1 branch of the dungeon, and saw 4 of its levels.

You collected 97 gold pieces.

Inventory:

Hand Weapons
 q - a +2 rapier of holy wrath
Missiles
 h - 3 javelins (quivered)
Armour
 a - a +0 robe (worn)
 r - a +0 cloak (worn)
Jewellery
 c - a ring of resist corrosion (left hand)
 d - a -4 ring of protection (right hand)
Wands
 l - a wand of enslavement (8)
Potions
 e - 3 potions of might
 i - 2 potions of brilliance {unknown}
 m - a potion of mutation {unknown}
 n - a potion of degeneration {unknown}
 p - 2 potions of heal wounds {unknown}


   Skills:
 + Level 3.4 Fighting
 + Level 3.0 Dodging
 + Level 3.7 Stealth
 + Level 3.7 Unarmed Combat
 + Level 1.2 Spellcasting
 + Level 1.1 Translocations


You had 3 spell levels left.
You knew the following spells:

 Your Spells              Type           Power        Failure   Level
a - Blink                 Tloc           N/A          32%         2
b - Sandblast             Erth           0%           10%         1

Your spell library contained the following spells:

 Spells                   Type           Power        Failure   Level
 Stone Arrow              Conj/Erth      0%           26%         3
 Magic Dart               Conj           0%           10%         1
 Conjure Flame            Conj/Fire      0%           26%         3
 Mephitic Cloud           Conj/Pois/Air  0%           26%         3
 Call Imp                 Summ           0%           45%         2
 Slow                     Hex            0%           45%         2


Dungeon Overview and Level Annotations

Branches:
Dungeon (4/15)
 Temple: D:4-7

Altars:
Sif Muna
Vehumet
Wu Jian


Innate Abilities, Weirdness & Mutations

You have extremely sharp teeth.
Your natural rate of healing is unusually fast.
When hurt, damage is shared between your health and your magic reserves.
Your bite disrupts and absorbs the magic of your enemies.
Potions cannot restore your health.


Message History

You are too injured to fight recklessly!
You are too injured to fight recklessly!
You are too injured to fight recklessly!
You are too injured to fight recklessly!
You are too injured to fight recklessly!
You are too injured to fight recklessly!
You are too injured to fight recklessly!
You are too injured to fight recklessly!
You are too injured to fight recklessly!
You are too injured to fight recklessly!
You are too injured to fight recklessly!
You are too injured to fight recklessly!
You are too injured to fight recklessly!
You are too injured to fight recklessly!
You are too injured to fight recklessly!
You barely miss the iguana. You punch the iguana.
You bite the iguana, but do no damage.
The iguana is heavily wounded.
The iguana bites you!
You die...

#########.#
#.....@l..#
##.######.# #.# #.#
#.# ############## #.#
#...(........#
#.######.##.......# ##
#.#........<......+...
#.#.####.##.......#.##


You could see an iguana.

Vanquished Creatures
  Jessica (D:3)
  2 adders
  3 oozes
  A worm (D:2)
  3 dart slugs
  9 orcs (D:3)
  13 bats
  A giant cockroach (D:1)
  14 goblins
  13 hobgoblins
  3 jackals (D:3)
  6 kobolds
  2 ball pythons (D:2)
  9 frilled lizards
  3 rats
83 creatures vanquished.

Notes
Turn   | Place    | Note
-------+----------+-------------------------------------------
     0 | D:1      | Descartes the Vine Stalker Monk began the quest for the
                  | Orb.
     0 | D:1      | Reached XP level 1. HP: 11/11 MP: 2/2
   296 | D:1      | Reached XP level 2. HP: 12/16 MP: 3/3
   793 | D:1      | Reached XP level 3. HP: 20/20 MP: 4/4
  1537 | D:2      | Found a radiant altar of Vehumet.
  1539 | D:2      | Found a shimmering blue altar of Sif Muna.
  1625 | D:2      | Became a worshipper of Vehumet
  1625 | D:2      | Reached * piety under Vehumet
  1625 | D:2      | Offered knowledge of Freeze by Vehumet.
  1625 | D:2      | Reached ** piety under Vehumet
  2001 | D:2      | Offered knowledge of Sandblast by Vehumet.
  2007 | D:2      | Gained mutation: Your natural rate of healing is unusually
                  | fast. [Vine Stalker growth]
  2007 | D:2      | Reached XP level 4. HP: 24/24 MP: 5/5
  2010 | D:2      | Learned a level 2 spell: Blink
  2012 | D:2      | Learned a level 1 spell: Sandblast
  2736 | D:3      | Noticed Jessica
  2741 | D:3      | Killed Jessica
  2793 | D:3      | Reached skill level 1 in Spellcasting
  2848 | D:3      | Offered knowledge of Stone Arrow by Vehumet.
  2849 | D:3      | Reached XP level 5. HP: 26/28 MP: 7/7
  3001 | D:3      | Reached *** piety under Vehumet
  3002 | D:3      | Reached skill level 1 in Translocations
  3119 | D:3      | Found an ornate altar of the Wu Jian Council.
  3505 | D:4      | Slain by an iguana

Illustrated notes

Levels and vault maps discovered:
D:1:      lightli_arrival_maybe_door_vault, layout_basic,
          kennysheep_pointless_box, minmay_splitting_lines, minmay_lizard_pond
D:2:      layout_loops_corners, grunt_temple_overflow_open
D:3:      layout_basic, pdpol_wu_jian_five_deadly_venoms, minmay_crystal_water,
          uniq_jessica
D:4:      layout_basic, lemuel_coloured_pillars_altar

Skill      XL: |  1  2  3  4  5 |
---------------+----------------+-----
Fighting       | 3 |  3.4
Stealth        | 3 |  3.7
Spellcasting   | 1 |  1.2
Dodging        | 3 |  3.0
Translocations | 1 |  1.1
Unarmed Combat | |  3.7

Action                   |  1- 3 |  4- 6 || total
-------------------------+-------+-------++-------
Melee: Unarmed           |   113 |   164 ||   277
       Bite              |    27 |    51 ||    78
       Punch             |     5 |     3 ||     8
  Use: Scroll            |       |     6 ||     6
 Stab: Sleeping          |     9 |     5 ||    14
Armor: Robe              |    14 |    18 ||    32
Dodge: Dodged            |    58 |   123 ||   181
